 Dungeon Crawl Stone Soup version 0.28.0-47-ge53b351184 (webtiles) character file.

Game seed: 13935046468780609232

11 klau3 the Grave Robber (level 2, -1/19 HPs)
             Began as a Demonspawn Necromancer on May 8, 2022.
             Slain by a goblin
             ... wielding a +0 club
              (4 damage)
             ... on level 1 of the Dungeon on May 9, 2022.
             The game lasted 00:04:00 (610 turns).

klau3 the Grave Robber (Demonspawn Necromancer)      Turns: 610, Time: 00:04:00

Health: -1/19      AC:  2    Str:  8    XL:     2   Next: 17%
Magic:  0/5        EV: 12    Int: 16    God:
Gold:   39         SH:  0    Dex: 13    Spells: 3/5 levels left

rFire   . . .      SeeInvis .   (no weapon)
rCold   . . .      Faith    .   (no shield)
rNeg    . . .      Spirit   .   a - +0 robe
rPois   .          Reflect  .   (no helmet)
rElec   .          Harm     .   (no cloak)
rCorr   .          Rampage  .   (no gloves)
Will    .....                   (no boots)
Stlth   ++........              (no amulet)
HPRegen 0.06/turn               (no ring)
MPRegen 0.09/turn               (no ring)

@: no status effects
A: hooves 1
a: no special abilities


You were on level 1 of the Dungeon.
You visited 1 branch of the dungeon, and saw 1 of its levels.

You collected 39 gold pieces.

Inventory:

Armour
 a - a +0 robe (worn)
Scrolls
 b - a scroll of identify {unknown}


   Skills:
 + Level 1.7 Dodging
 + Level 1.8 Stealth
 + Level 2.2 Spellcasting
 + Level 4.8 Necromancy


You had 3 spell levels left.
You knew the following spells:

 Your Spells              Type           Power      Damage    Failure   Level
a - Pain                  Necr           68%        1d7       2%          1
b - Animate Skeleton      Necr           34%        N/A       2%          1

Your spell library contained the following spells:

 Spells                   Type           Power      Damage    Failure   Level
 Vampiric Draining        Necr           17%        2d7       9%          3
 Animate Dead             Necr           8%         N/A       28%         4
 Agony                    Necr           17%        N/A       61%         5


Dungeon Overview and Level Annotations

Branches:
Dungeon (1/15)

Altars:


Innate Abilities, Weirdness & Mutations

You have large cloven feet.


Message History

Nothing appears to happen.
The giant cockroach bites you but does no damage.
The hobgoblin closely misses you. The goblin misses you.
The giant cockroach closely misses you. The hobgoblin misses you.
There is an open door here.
You closely miss the goblin. The hobgoblin closely misses you.
The giant cockroach bites you but does no damage.
The goblin barely misses you.
You closely miss the goblin. You kick the goblin. Your punch misses the goblin.
The goblin is severely wounded.
The hobgoblin closely misses you. The giant cockroach closely misses you.
The goblin hits you but does no damage.
You closely miss the goblin. Your kick misses the goblin.
The goblin is severely wounded.
The hobgoblin closely misses you. The giant cockroach closely misses you.
The goblin hits you with a +0 club.
You closely miss the goblin. Your punch misses the goblin.
The goblin is severely wounded.
The hobgoblin barely misses you. The giant cockroach misses you.
The goblin hits you but does no damage. The giant cockroach closely misses you.
Your magical contamination has completely faded away.
Aiming: Pain (safe; 2% risk of failure)
Press: ? - help, Q - select action, (/) - cycle Shift-Dir - straight line, f - giant cockroach, p - hobgoblin
Aim: a giant cockroach (almost dead, chance to affect: 87%)
The giant cockroach writhes in agony.
You kill the giant cockroach!
The hobgoblin hits you. The goblin hits you with a +0 club.
The hobgoblin barely misses you. The goblin misses you.
Aiming: Pain (safe; 2% risk of failure)
Press: ? - help, Q - select action, (/) - cycle Shift-Dir - straight line, f - goblin
Aim: a goblin, wielding a +0 club (moderately wounded, chance to affect: 87%)
The goblin barely resists.
The goblin hits you with a +0 club. The hobgoblin hits you.
* * * LOW HITPOINT WARNING * * *
The goblin hits you with a +0 club.
You die...

.##.....P......
.##.....PPP.P..#..
.##............+^##.8.8.8.8.##
.##.........+#.#.#...........#
.##............+.+.....(.....+
.##............#.#...........#
..#............#.##.8.8.8.8.#
#.#............#..##.#...#.#
#.#.#####......+@..##.....#
#'#รท######....##gg..##...#
.....................##'###
..........#####...........#
..........#####...........#
..............#...........#
..............#...........#
..............#...........#
...>..........#...........#


You could see a hobgoblin and a goblin.

Vanquished Creatures
  3 endoplasms (D:1)
  3 giant cockroaches (D:1)
  2 bats (D:1)
  A frilled lizard (D:1)
  2 rats (D:1)
11 creatures vanquished.

Notes
Turn   | Place    | Note
-------+----------+-------------------------------------------
     0 | D:1      | klau3 the Demonspawn Necromancer began the quest for the
                  | Orb.
     0 | D:1      | Reached XP level 1. HP: 13/13 MP: 3/3
   210 | D:1      | Gained mutation: You have large cloven feet. [demonic
                  | ancestry]
   210 | D:1      | Reached XP level 2. HP: 9/19 MP: 0/5
   479 | D:1      | Found a faded altar of an unknown god.
   499 | D:1      | Learned a level 1 spell: Animate Skeleton
   610 | D:1      | Slain by a goblin

Illustrated notes

Levels and vault maps discovered:
D:1:      minmay_arrival_cross, layout_basic, shapermc_ecumenical_altar_pompeii,
          serial_shops, shop, dk_noncrumbling_3, nicolae_grassy_gnolls

Action                   || total
-------------------------++-------
Melee: Unarmed           ||    10
       Kick              ||     1
 Cast: Pain              ||    22
       Animate Skeleton  ||     4
Armor: Robe              ||     6
Dodge: Dodged            ||    32
